 Dungeon Sprint DCSS version 0.31-a0-986-g5e6e4ef867 (webtiles) character file.

Game seed: 1665277750286196304

7763 sircluck the Brawler (level 11, -21/190 HPs)
             Began as a Troll Berserker on Nov 17, 2023.
             Was a High Priest of Trog.
             Demolished by a nargun (29 damage)
             ... in the Dungeon (Sprint V: "Ziggurat Sprint").
             The game lasted 00:03:25 (490 turns).

sircluck the Brawler (Troll Berserker)               Turns: 490, Time: 00:03:25

Health: -21/190    AC: 20    Str: 43    XL:     11   Next: 1%
Magic:  10/10      EV:  2    Int:  3    God:    Trog [*****.]
Gold:   0          SH: 24    Dex:  9    Spells: 10/10 levels left

rFire   + .          .
                       - Unarmed
rCold   + . .        y - +18 shield of the Gong {Loud rN+ Will+ rCorr EV-5}
rNeg    + . .        z - +5 gold dragon scales
rPois   +            (helmet restricted)
rElec   .            (no cloak)
rCorr   +            (gloves unavailable)
SInv    .            (boots unavailable)
Will    +++..        p - amulet of regeneration Stlth
                     t - +6 ring of strength
HPRegen 3.11/turn    u - +6 ring of strength
MPRegen 0.12/turn

%: no teleportation
@: berserking, strong-willed, regenerating, studying Short Blades, very quick
A: large, unfitting armour, claws 3, regeneration 1, shaggy fur 1, tough skin 1,
no potion heal 1
a: Renounce Religion, Berserk, Trog's Hand, Brothers in Arms


You were in the Dungeon.
You worshipped Trog.
Trog was extremely pleased with you.
You visited 1 branch

Inventory:

Armour
 y - the +18 shield of the Gong (worn) {Loud rN+ Will+ rCorr EV-5}
   (You found it in the Dungeon)

   Loud:      It is deafeningly noisy when blocking attacks.
   EV-5:      It affects your evasion (-5).
   rN+:       It protects you from negative energy.
   Will+:     It increases your willpower.
   rCorr:     It protects you from acid and corrosion.
 z - +5 gold dragon scales (worn)
Jewellery
 o - a ring of flight
 p - an amulet of regeneration (around neck)
 r - a ring of protection from cold
 s - the ring of Spite {EV+5 Dex+3}
   (You found it in the Dungeon)

   [ring of evasion]

   EV+5:      It affects your evasion (+5).
   Dex+3:     It affects your dexterity (+3).
 t - a +6 ring of strength (left claw)
 u - a +6 ring of strength (right claw)
 B - a ring of positive energy
 C - the ring "Woypeub" {Fly Dex+3}
   (You found it in the Dungeon)

   [ring of flight]

   Dex+3:     It affects your dexterity (+3).
   Fly:       It grants you flight.
 D - the amulet "Elid" {Spirit Rampage Regen+ Int-3}
   (You found it in the Dungeon)

   [amulet of guardian spirit]

   Spirit:    It causes incoming damage to be divided between your reserves of
   health and magic.
   Int-3:     It affects your intelligence (-3).
   Regen+:    It increases your rate of health regeneration.
   Rampage:   It bestows one free step when moving towards enemies.
Wands
 a - a wand of digging (4)
 j - a wand of polymorph (5)
 q - a wand of charming (9)
 v - a wand of mindburst (7)
 w - a wand of iceblast (10)
 x - a wand of quicksilver (10)
Scrolls
 g - 4 scrolls of blinking
 l - 7 scrolls of fog
 m - 5 scrolls of identify
 n - 2 scrolls of fear
 A - a scroll of brand weapon
Potions
 b - 10 potions of curing
 c - 10 potions of heal wounds
 d - 6 potions of haste
 e - 7 potions of magic
 f - 3 potions of berserk rage
 h - 2 potions of invisibility
 i - 4 potions of resistance
 k - 6 potions of might


   Skills:
 + Level 13.4 Fighting
 - Level 2.8 Armour
 + Level 12.9 Dodging
 - Level 2.0 Stealth
 + Level 15.6 Unarmed Combat


You had 10 spell levels left.
You didn't know any spells.
Your spell library was empty.

Dungeon Overview and Level Annotations

Branches:
Dungeon (1/1)

Altars:
Ashenzari
Cheibriados
Dithmenos
Elyvilon
Fedhas
Gozag
Hepliaklqana
Kikubaaqudgha
Makhleb
Nemelex Xobeh
Okawaru
Qazlal
Ru
Sif Muna
Trog
Uskayaw
Vehumet
Wu Jian
Xom
Yredelemnul
Zin
The Shining One
Jiyva
Lugonu


Innate Abilities, Weirdness & Mutations

You are too large for most types of armour.
You have claws for hands.
Your natural rate of healing is unusually fast.
You are covered in fur. (AC +1)
You have tough skin. (AC +1)
Potions are less effective at restoring your health.


Message History

PANG!
The shard shrike is engulfed in freezing vapours.
You barely miss the shard shrike.
The shard shrike is lightly wounded.
The shard shrike is engulfed in freezing vapours.
The shard shrike claws you but does no damage.
The shard shrike is engulfed in freezing vapours.
Okay, then.
You closely miss the shard shrike.
The shard shrike is lightly wounded.
The shard shrike claws you. The shard shrike freezes you!! You resist.
The frost giant is engulfed in freezing vapours.
The frost giant points at you and mumbles some strange words.
The bolt of cold hits you!! You resist.
* * * LOW HITPOINT WARNING * * *
You block the nargun's attack.
GONNNNG!
You block the nargun's attack.
GONNNNG!
Unknown command.
You closely miss the quokka simulacrum.
Unknown command.
Unknown command.
You mangle the shard shrike!!
The shard shrike is lightly wounded.
You block the shard shrike's attack.
PTOANNNG!
The shard shrike claws you but does no damage.
The frost giant is engulfed in freezing vapours.
The frost giant gestures at you while chanting.
The bolt of cold hits the quokka simulacrum.
The quokka simulacrum completely resists.
The bolt of cold hits you!! You resist.
* * * LOW HITPOINT WARNING * * *
The nargun hits you.
* * * LOW HITPOINT WARNING * * *
The nargun bites you!
* * * LOW HITPOINT WARNING * * *
The nargun freezes you!! You resist.
You die...

▓..[|:.)..▓.
▓..:[)=[..▓..[)))...▓.
▓.........▓.........▓.
.........▓.........▓.
▓ ....... ▓.........▓.
▓. ..... .▓...))†...▓.
▓..▓..C▓..▓.........▓.
▓.▓.9Z2.▓.▓.▓..†..▓.▓.
▓..2b@....▓....©....▓▓
▓▓▓▓▓▓▓▓▓▓▓▓▓▓▓▓▓▓▓▓▓


You could see a shard shrike, a frost giant, a nargun, 2 hellions and a quokka
simulacrum.

Vanquished Creatures
  A hell hog (D)
  2 ugly things (D)
  A shining eye (D)
  2 toenail golems (D)
  A black mamba (D)
  An eye of devastation (D)
  An ancient zyme (D)
  A slime creature (D)
  3 fire elementals (D)
  A hell hound (D)
  A water moccasin (D)
  An orc warrior (D)
  A sky beast (shapeshifter) (D)
  A centaur (shapeshifter) (D)
  4 crimson imps (D)
  2 quasits (D)
  2 jellies (D)
  2 orc priests (D)
  2 iron imps (D)
  4 orc wizards (D)
  An adder (D)
  2 ufetubi (D)
  2 adder simulacra (D)
  2 orcs (D)
  A ball python (D)
  A bat zombie (D)
  A fire vortex (D)
44 creatures vanquished.

Vanquished Creatures (collateral kills)
  A naga warrior (D)
  2 shining eyes (D)
  A black mamba (D)
  A guardian serpent (D)
  4 nagas (D)
  4 water moccasins (D)
  2 crimson imps (D)
  A quasit (D)
  An adder (D)
  A shadow imp (D)
  A white imp (D)
  An ufetubus (D)
  An adder simulacrum (D)
  2 ball pythons (D)
23 creatures vanquished.

Vanquished Creatures (others)
  2 bat simulacra (D)
2 creatures vanquished.

Grand Total: 69 creatures vanquished

Notes
Turn   | Place    | Note
-------+----------+-------------------------------------------
     0 | D        | sircluck the Troll Berserker began the quest for the Orb.
     0 | D        | Reached XP level 1. HP: 22/22 MP: 0/0
     0 | D        | Found a shimmering blue altar of Sif Muna.
     0 | D        | Found a sacrificial altar of Ru.
     0 | D        | Found a bloodstained altar of Trog.
     0 | D        | Found a stormy altar of Qazlal.
     0 | D        | Found an iron altar of Okawaru.
     0 | D        | Found a sparkling altar of Nemelex Xobeh.
     0 | D        | Found a blossoming altar of Fedhas.
     0 | D        | Found the +6 Majin-Bo {spellvamp, MP+6 Int+6}
     0 | D        | Found the +27 heavy crossbow "Sniper" {heavy, Acc+∞ SInv}
     0 | D        | Found the +10 dark maul {heavy}
     0 | D        | Found the +15 Maxwell's patent armour {-Cast -Tele rElec
                  | Will+ rCorr}
     0 | D        | Found the +18 shield of the Gong {Loud rN+ Will+ rCorr
                  | EV-5}
     0 | D        | Found the +16 obsidian axe {drain, demonic, Mesm Drain Fly
                  | SInv}
     0 | D        | Found the +7 great mace "Firestarter" {flame, immolate,
                  | rFlCloud rF++}
     0 | D        | Found the +6 shillelagh "Devastator" {shatter}
     0 | D        | Found the +11 plutonium sword {Contam Stlth-}
     0 | D        | Found the +8 lance "Wyrmbane" {slay drac, rPois rF+ rC+
                  | AC+3}
     0 | D        | Found the +9 sword of Zonguldrok {reap}
     0 | D        | Found the +13 scythe of Curses {drain, curses, Drain}
     0 | D        | Found the +9 sword of Power {lifebolt}
     0 | D        | Found the +7 mace of Variability {chaos, chaos arc}
     0 | D        | Found the +11 Singing Sword {sonic wave}
     0 | D        | Found the +8 storm bow {elec, penet}
     2 | D        | Found a transporter.
     2 | D        | Found an ancient bone altar of Kikubaaqudgha.
     2 | D        | Found a viscous altar of Jiyva.
     2 | D        | Found a corrupted altar of Lugonu.
     2 | D        | Found a hazy altar of Hepliaklqana.
     2 | D        | Found a burning altar of Makhleb.
     2 | D        | Found an opulent altar of Gozag.
    75 | D        | Reached skill level 4 in Unarmed Combat
    75 | D        | Reached XP level 2. HP: 32/32 MP: 1/1
   113 | D        | Entered arena 2.
   113 | D        | Noticed a toenail golem
   113 | D        | Noticed a toenail golem
   113 | D        | Found a transporter.
   124 | D        | Killed a toenail golem
   125 | D        | Reached skill level 8 in Unarmed Combat
   125 | D        | Reached XP level 3. HP: 46/46 MP: 2/2
   125 | D        | Reached XP level 4. HP: 55/55 MP: 3/3
   125 | D        | Reached XP level 5. HP: 62/62 MP: 4/4
   125 | D        | Reached XP level 6. HP: 71/71 MP: 5/5
   129 | D        | Killed a toenail golem
   130 | D        | Reached skill level 9 in Unarmed Combat
   130 | D        | Reached XP level 7. HP: 80/80 MP: 6/6
   138 | D        | Entered arena 3.
   138 | D        | Found a transporter.
   141 | D        | Reached ** piety under Trog
   155 | D        | Entered arena 4.
   155 | D        | Noticed a brown ugly thing
   155 | D        | Noticed a purple ugly thing
   155 | D        | Found a transporter.
   163 | D        | Killed a brown ugly thing
   163 | D        | Reached *** piety under Trog
   164 | D        | Reached skill level 10 in Unarmed Combat
   164 | D        | Reached XP level 8. HP: 92/92 MP: 7/7
   169 | D        | Killed a brown ugly thing
   170 | D        | Reached skill level 11 in Unarmed Combat
   215 | D        | Entered arena 5.
   215 | D        | Found a transporter.
   216 | D        | Reached **** piety under Trog
   217 | D        | Reached skill level 10 in Fighting
   227 | D        | Entered arena 6.
   227 | D        | Noticed an ancient zyme
   227 | D        | Found a transporter.
   234 | D        | Killed an ancient zyme
   235 | D        | Reached skill level 12 in Unarmed Combat
   235 | D        | Reached XP level 9. HP: 102/102 MP: 8/8
   235 | D        | Reached ***** piety under Trog
   274 | D        | Entered arena 7.
   275 | D        | Found a transporter.
   282 | D        | Received a gift from Trog
   287 | D        | Reached skill level 10 in Dodging
   302 | D        | Entered arena 8.
   302 | D        | Noticed a hell hog
   305 | D        | Found a transporter.
   309 | D        | Killed a hell hog
   311 | D        | Reached skill level 13 in Unarmed Combat
   316 | D        | Reached ****** piety under Trog
   316 | D        | Received a gift from Trog
   358 | D        | Entered arena 9.
   358 | D        | Noticed a shining eye
   358 | D        | Noticed a shining eye
   358 | D        | Noticed an eye of devastation
   358 | D        | Noticed a shining eye
   364 | D        | Killed a shining eye
   364 | D        | Gained mutation: Potions are less effective at restoring
                  | your health. [a shining eye]
   365 | D        | Killed a shining eye
   366 | D        | Reached XP level 10. HP: 114/115 MP: 9/9
   369 | D        | Reached skill level 14 in Unarmed Combat
   370 | D        | Killed a shining eye
   371 | D        | Found a transporter.
   373 | D        | Killed an eye of devastation
   382 | D        | Got the ring of Spite {EV+5 Dex+3}
   393 | D        | Entered arena 10.
   393 | D        | Noticed a black mamba
   395 | D        | Received a gift from Trog
   397 | D        | Killed a black mamba
   401 | D        | Received a gift from Trog
   402 | D        | Found a transporter.
   413 | D        | Got the ring "Woypeub" {Fly Dex+3}
   423 | D        | Entered arena 11.
   430 | D        | Received a gift from Trog
   438 | D        | Found a transporter.
   446 | D        | Entered arena 12.
   446 | D        | Noticed a black mamba
   446 | D        | Noticed a naga warrior
   450 | D        | Killed a black mamba
   451 | D        | Reached skill level 15 in Unarmed Combat
   452 | D        | Noticed a guardian serpent
   456 | D        | Killed a naga warrior
   456 | D        | Received a gift from Trog
   458 | D        | Killed a guardian serpent
   459 | D        | Reached XP level 11. HP: 126/127 MP: 10/10
   460 | D        | Found a transporter.
   475 | D        | Got the amulet "Elid" {Spirit Rampage Regen+ Int-3}
   480 | D        | Entered arena 13.
   480 | D        | Noticed a nargun
   480 | D        | Noticed a frost giant
   481 | D        | Noticed a shard shrike
   490 | D        | HP: 8/190 [nargun (9)]
   490 | D        | Demolished by a nargun

Illustrated notes

Levels and vault maps discovered:
D:        sprint_v [room_start, room_1, room_2, room_3, room_4, room_5, room_6,
          room_7, room_8, room_9, room_10, room_11, room_12, room_13, room_14,
          room_15, room_16, room_17, room_18, room_19, room_20, room_21,
          room_22, room_23, room_24, room_25, room_26, room_27]

Skill      XL: |  1  2  3  4  5  6  7  8  9 10 |
---------------+-------------------------------+-----
Fighting       | 3 7 8 9 10 11 13 | 13.4
Armour         | 2 |  2.8
Stealth        | 2 |  2.0
Unarmed Combat | 4 8 9 10 12 13 15 | 15.6
Dodging        | 6 7 8 9 11 12 | 12.9

Action                     |  1- 3 |  4- 6 |  7- 9 | 10-12 || total
---------------------------+-------+-------+-------+-------++-------
  Melee: Unarmed           |    10 |     5 |    61 |    28 ||   104
 Invoke: Berserk           |       |       |     3 |     1 ||     4
         Brothers in Arms  |       |       |     1 |     5 ||     6
         Trog's Hand       |       |       |       |     1 ||     1
  Evoke: Wand              |       |       |       |     1 ||     1
    Use: Potion            |     1 |       |       |       ||     1
 Armour: Gold dragon scale |     3 |       |    38 |    33 ||    74
  Dodge: Dodged            |     1 |       |     1 |     1 ||     3
  Block: Kite shield       |    15 |     3 |    59 |    46 ||   123

Table legend: (Time is in decaauts)
 A = Elapsed time spent in this place.
 B = Non-inter-level travel time spent in this place.
 C = Inter-level travel time spent in this place.
 D = Time resting spent in this place.
 E = Time spent auto-exploring this place.
 F = Levels seen in this place.
 G = Mean time per level.
                   A        B        C        D        E       F      G
               +--------+--------+--------+--------+--------+-----+--------+
         Total |    498 |    498 |      0 |     85 |     18 |   1 |  498.0 |
       Dungeon |    498 |    498 |      0 |     85 |     18 |   1 |  498.0 |
               +--------+--------+--------+--------+--------+-----+--------+

Top non-repeatable levels by time:
       D: 498 daAuts
